 Dungeon Crawl Stone Soup version 0.31.0 (webtiles) character file.

Game seed: 12504226311951684404

392 Eitelfritz the Chiller (level 6, 0/42 HPs)
             Began as a Demonspawn Ice Elementalist on Jan 19, 2024.
             Shot with an arrow by a centaur (2 damage)
             ... on level 5 of the Dungeon.
             The game lasted 00:11:01 (4305 turns).

Eitelfritz the Chiller (DsIE)                       Turns: 4305, Time: 00:11:02

Health: 0/42       AC:  3    Str:  8    XL:     6   Next: 50%
Magic:  6/11       EV: 12    Int: 17    God:
Gold:   292        SH:  0    Dex: 16    Spells: 2/12 levels left

rFire   x . .        a - +0 spear
rCold   + . .        (no shield)
rNeg    . . .        j - +1 robe
rPois   .            (no helmet)
rElec   .            (no cloak)
rCorr   .            (no gloves)
SInv    .            (no boots)
Will    .....        (no amulet)
Stlth   +++          n - ring of ice
HPRegen 0.27/turn    (no ring)
MPRegen 0.12/turn

%: no passive effects
@: freezing walls
A: thin skeletal structure 1, powered by death 1, weakness stinger 2
a: no special abilities


You were on level 5 of the Dungeon.
You visited 1 branch of the dungeon, and saw 5 of its levels.

You collected 292 gold pieces.

Inventory:

Hand Weapons
 a - a +0 spear (weapon)
Missiles
 p - 10 poisoned darts
Armour
 e - a +0 leather armour
 j - a +1 robe (worn)
Jewellery
 n - a ring of ice (left hand)
Scrolls
 c - 3 scrolls of blinking
 f - a scroll of teleportation
Potions
 b - a potion of magic
 g - a potion of resistance
 h - a potion of mutation
 i - a potion of curing
 m - a potion of enlightenment


   Skills:
 + Level 0.6 Fighting
 + Level 1.0 Polearms
 + Level 2.3 Dodging
 + Level 3.0 Stealth
 + Level 0.2 Unarmed Combat
 + Level 3.9 Spellcasting
 + Level 5.2 Ice Magic


You had 2 spell levels left.
You knew the following spells:

 Your Spells              Type           Power      Damage    Failure   Level
a - Freeze                Ice            100%       1d10      1%          1
b - Frozen Ramparts       Ice            62%        1d10      5%          3
c - Ozocubu's Armour      Ice            31%        N/A       5%          3
d - Summon Ice Beast      Ice/Summ       18%        N/A       16%         3

Your spell library contained the following spells:

 Spells                   Type           Power      Damage    Failure   Level
 Tukima's Dance           Hex            3%         N/A       43%         3
 Dimensional Bullseye     Hex/Tloc       1%         N/A       85%         4
 Iskenderun's Mystic Bla  Conj/Tloc      3%         2d3       85%         4


Dungeon Overview and Level Annotations

Branches:
Dungeon (5/15)
 Temple: D:4-7

Altars:
Gozag
Nemelex Xobeh
Ru
Yredelemnul


Innate Abilities, Weirdness & Mutations

You have a somewhat thin skeletal structure. (Dex +2, Stealth+)
You regenerate a little health from kills.
You have a tail ending in a sharp stinger.


Message History

An ogre is nearby!
You see here 11 gold pieces.
You now have 292 gold pieces (gained 11).
The ogre shouts!
You hear a shout! x2
A quokka comes into view.
A centaur comes into view.
The centaur wields a +0 orcbow.
The centaur shoots an arrow.
The arrow closely misses you.
The centaur shoots an arrow.
The arrow hits you!
The centaur shoots an arrow.
The arrow hits you!
The centaur shoots an arrow.
The arrow closely misses you.
Casting: Freeze (safe; 1% risk of failure)
Confirm with . or Enter, or press ? or * to list all spells.
Casting: Frozen Ramparts (dangerous; 5% risk of failure)
Press: ? - help, Dir - look around, f - activate You feel a surge of power!
The walls around you are covered in ice.
The wall freezes the centaur but does no damage.
The wall freezes the ogre.
Unknown command.
Casting: Frozen Ramparts (dangerous; 5% risk of failure)
Confirm with . or Enter, or press ? or * to list all spells.
Aiming: Freeze (safe; 1% risk of failure)
Press: ? - help, Shift-Dir - straight line, f - ogre
Aim: an ogre, wielding a +0 giant club (moderately wounded)
You feel a surge of power!
You freeze the ogre!
The ogre is severely wounded.
The wall freezes the centaur.
The wall freezes the ogre.
The ogre hits you with a +0 giant club!
Casting: Freeze (safe; 1% risk of failure)
Confirm with . or Enter, or press ? or * to list all spells.
Aiming: Freeze (safe; 1% risk of failure)
Press: ? - help, Shift-Dir - straight line, f/p - ogre
Aim: an ogre, wielding a +0 giant club (severely wounded)
You feel a surge of power!
You freeze the ogre!
You kill the ogre!
The wall freezes the centaur.
The centaur shoots an arrow.
The arrow hits you!
* * * LOW HITPOINT WARNING * * *
The wall freezes the centaur.
The centaur shoots an arrow.
The arrow hits you.
You die...

#.#.#####
#.#.#...###
#.#.⌠.⌠...#
#.#.._..#.#
#.#.⌠.⌠##.#
#.#.#.###.#
###.#c#.# #.#
#...#)#.###.#
#.###@#...#.#
#.# #.###.#.#
#.# #..)....#
#.# #####.###
#.# #.# #.#
#.# #.# #.#
#.# #.# #.#
#.#


You could see a centaur.

Vanquished Creatures
  An ogre (D:5)
  Blork the orc (D:4)
  A scorpion (D:5)
  3 hounds (D:4)
  6 adders
  4 gnolls (D:2)
  A dart slug (D:1)
  A ribbon worm (D:2)
  7 orcs (D:4)
  4 ball pythons
  8 bats
  3 endoplasms
  5 giant cockroaches
  3 goblins (D:2)
  6 hobgoblins
  8 jackals
  5 quokkas
  3 frilled lizards
  2 kobolds (D:4)
  6 rats
78 creatures vanquished.

Notes
Turn   | Place    | Note
-------+----------+-------------------------------------------
     0 | D:1      | Eitelfritz the Demonspawn Ice Elementalist began the quest
                  | for the Orb.
     0 | D:1      | Reached XP level 1. HP: 13/13 MP: 3/3
   366 | D:1      | Reached skill level 4 in Ice Magic
   414 | D:1      | Gained mutation: You regenerate a little health from kills.
                  | [demonic ancestry]
   414 | D:1      | Reached XP level 2. HP: 19/19 MP: 0/5
  1143 | D:2      | Found a faded altar of an unknown god.
  1169 | D:2      | Gained mutation: You have a small tail. [demonic ancestry]
  1169 | D:2      | Reached XP level 3. HP: 19/24 MP: 2/6
  1545 | D:2      | Learned a level 3 spell: Frozen Ramparts
  1549 | D:2      | Learned a level 3 spell: Ozocubu's Armour
  1872 | D:2      | Gained mutation: You have a somewhat thin skeletal
                  | structure. (Dex +2, Stealth+) [demonic ancestry]
  1872 | D:2      | Reached XP level 4. HP: 30/30 MP: 5/8
  2452 | D:3      | Found an opulent altar of Gozag.
  2619 | D:3      | Gained mutation: You have a tail ending in a sharp stinger.
                  | [demonic ancestry]
  2619 | D:3      | Reached XP level 5. HP: 35/35 MP: 7/9
  2698 | D:3      | Found a sacrificial altar of Ru.
  3381 | D:4      | Learned a level 3 spell: Summon Ice Beast
  3713 | D:4      | Noticed Blork the orc
  3746 | D:4      | Reached skill level 5 in Ice Magic
  3747 | D:4      | Killed Blork the orc
  3748 | D:4      | Reached XP level 6. HP: 38/42 MP: 4/11
  3925 | D:4      | Found a basalt altar of Yredelemnul.
  4101 | D:5      | Entered Level 5 of the Dungeon
  4171 | D:5      | Found a sparkling altar of Nemelex Xobeh.
  4218 | D:5      | Reached skill level 1 in Polearms
  4305 | D:5      | HP: 2/42 [centaur/arrow (16)]
  4305 | D:5      | Shot with an arrow by a centaur

Illustrated notes

Levels and vault maps discovered:
D:1:      heliophobic_arrival_enchanted_forest, layout_basic,
          minmay_tetromino_o2
D:2:      layout_basic, hellmonk_ecumenical_altar_leap_of_faith,
          minmay_misc_feat_nine_boxes
D:3:      layout_basic, nicolae_elyvilon_temple_path, nicolae_ru_awakened_eye,
          nicolae_gozag_seed_capital
D:4:      layout_loops_cross, marbit_many_paths, uniq_blork_the_orc
D:5:      layout_basic, mainiacjoe_overflow_catwalk,
          nemelex_xobeh_ov_fountains_minmay, mainiacjoe_overflow_alcove_1,
          serial_bayou_pond_b, lexackson_kobold_supper

Skill      XL: |  1  2  3  4  5  6 |
---------------+-------------------+-----
Ice Magic      | 4 5 |  5.2
Dodging        | 2 |  2.3
Stealth        | 2 3 |  3.0
Spellcasting   | 3 |  3.9
Polearms       | 1 |  1.0
Fighting       | |  0.6
Unarmed Combat | |  0.2

Action                     |  1- 3 |  4- 6 || total
---------------------------+-------+-------++-------
  Melee: Unarmed           |    32 |       ||    32
         Spear             |    12 |    51 ||    63
         Tailslap          |     1 |     5 ||     6
   Cast: Freeze            |    57 |    29 ||    86
         Frozen Ramparts   |     1 |    11 ||    12
    Use: Scroll            |       |     9 ||     9
   Stab: Sleeping          |     3 |     7 ||    10
 Armour: Robe              |    43 |    34 ||    77
  Dodge: Dodged            |    66 |    46 ||   112
